 Dungeon Crawl Stone Soup version 0.21.1-1-g345015fe64 (webtiles) character file.

12857 Kejsarherre the Cleaver (level 11, -12/72 HPs)
             Began as a Gargoyle Wanderer on May 12, 2018.
             Was a Believer of Ashenzari.
             Mangled by a white ugly thing (30 damage)
             ... on level 11 of the Dungeon.
             The game lasted 00:25:15 (13947 turns).

Kejsarherre the Cleaver (Gargoyle Wanderer)        Turns: 13947, Time: 00:25:15

Health: -12/72     AC: 29    Str: 19    XL:     11   Next: 99%
Magic:  11/11      EV:  7    Int: 13    God:    Ashenzari [**....]
Gold:   2008       SH:  0    Dex:  9    Spells: 10/10 levels left

rFire    . . .     SeeInvis .   u - +0 battleaxe (curse)
rCold    . . .     Gourm    +   (shield currently unavailable)
rNeg     + . .     Faith    .   C - +0 plate armour
rPois    ∞         Spirit   .   o - +0 helmet (curse)
rElec    +         Reflect  .   B - +2 cloak (curse)
rCorr    .         Harm     .   y - +0 pair of gloves (curse)
MR       .....                  (no boots)
Stlth    ..........             x - amulet of the gourmand
HPRegen  0.22/turn              (no ring)
MPRegen  0.12/turn              (no ring)

@: no status effects
A: negative energy resistance 1, electricity resistance, unbreathing,
petrification resistance, rot immunity, AC +8
a: Curse Item, Scrying, Renounce Religion


You were on level 11 of the Dungeon.
You worshipped Ashenzari.
Ashenzari was pleased with you.
You were very full.

You visited 1 branch of the dungeon, and saw 11 of its levels.
You also visited: Bailey.

You collected 2008 gold pieces.

Inventory:

Hand Weapons
 u - a cursed +0 battleaxe (weapon)
Armour
 o - a cursed +0 helmet (worn)
 y - a cursed +0 pair of gloves (worn)
 B - a cursed +2 cloak (worn)
 C - a +0 plate armour (worn)
Jewellery
 x - an amulet of the gourmand (around neck)
Wands
 p - a wand of polymorph (10)
 v - a wand of flame (12)
 G - a wand of paralysis (19)
 H - a wand of scattershot (2)
 J - a wand of random effects (25)
Scrolls
 a - a scroll of enchant weapon
 b - 2 scrolls of identify
 c - 2 scrolls of magic mapping
 e - a scroll of fear {unknown}
 h - 3 scrolls of blinking {unknown}
 i - 2 scrolls of noise {unknown}
 j - 5 scrolls of teleportation
 n - 2 scrolls of random uselessness {unknown}
 q - 2 scrolls of fog {unknown}
 s - 4 scrolls of amnesia {unknown}
 z - a scroll of immolation {unknown}
 D - a scroll of vulnerability {unknown}
 E - a scroll of silence {unknown}
Potions
 f - 2 potions of flight
 g - a potion of mutation
 k - a potion of berserk rage
 l - 6 potions of brilliance
 m - a potion of resistance
 r - a potion of curing
 t - a potion of agility {unknown}
 w - a potion of haste
 A - a potion of cancellation
 F - 2 potions of heal wounds
 I - a potion of might
Comestibles
 d - 10 rations


   Skills:
 * Level 9.8 Fighting
 - Level 13.0(15.7) Axes
   Level 1.0(8.6) Polearms
   Level 1.0 Crossbows
 - Level 1.0 Throwing
 - Level 9.0(11.2) Armour
 + Level 2.9 Dodging
   Level 1.1 Shields


You had 10 spell levels left.
You didn't know any spells.

Dungeon Overview and Level Annotations

Branches:
Dungeon (11/15)            Temple (0/1) D:7            Lair (0/6) D:9
    Orc: D:9-12

Altars:
Ashenzari
Makhleb
Nemelex Xobeh
Qazlal
Uskayaw
Xom

Shops:
D:10 }

Annotations:
D:4 2 transporters


Innate Abilities, Weirdness & Mutations

You are resistant to torment.
Your stone body is resilient. (AC +8)
You are immune to poison.
You resist negative energy. (rN+)
You are resistant to electric shocks. (rElec)
You can survive without breathing.
You are immune to petrification.
You are immune to rotting.


Message History

Unknown command.
You are too injured to fight recklessly!
You are too injured to fight recklessly!
Evoke which item? (* to show all) (? for menu, Esc to quit)
Aiming: Paralyse
Press: ? - help, Shift-Dir - straight line, f - white ugly thing
Aim: a white ugly thing (heavily wounded, chance to defeat MR: 28%)
Okay, then.
The white ugly thing bites you but does no damage.
Evoke which item? (* to show all) (? for menu, Esc to quit)
Aiming: Scattershot
Press: ? - help, Shift-Dir - straight line, f - white ugly thing
Aim: a white ugly thing (moderately wounded)
Okay, then.
You closely miss the white ugly thing.
The white ugly thing is moderately wounded.
The white ugly thing bites you.
* * * LOW HITPOINT WARNING * * *
The white ugly thing freezes you!!
You die...

* * #.(..........# #.#
#'#*** #.# #.# #.# ###.#
##.# ##...# #..# #..###
##'##### * * ####.######
#....... ,,,.,
#.........########....... ##
#.##......u@....(.[##.......
.#
........<...#####..(.......
.###.#.#.>........#
####(...... .....#
#..........# #....... ######
##.<.......# #..<....
####.###### #....... #.#
#.....(. #.# ######'#
######## #.###### #.#


You could see a white ugly thing.

Vanquished Creatures
  A hydra (D:11)
  Erica (D:9)
  4 two-headed ogres
  The ghost of Kuruc the Covered, a novice MiFi (D:6)
  An orc knight (Bailey)
  Pikel (D:7)
  A cyclops (D:11)
  2 trolls (D:11)
  Grinder (D:6)
  Prince Ribbit (D:7)
  2 hippogriffs
  Sigmund (D:2)
  A hungry ghost (D:8)
  Menkaure (D:4)
  Duvessa (D:6)
  11 orc warriors
  An ice beast (D:8)
  7 ogres
  3 sky beasts
  2 slaves (D:7)
  A phantom (D:6)
  5 centaurs
  7 bullfrogs
  Blork the orc (D:5)
  A wyvern skeleton (D:6)
  Dowan (D:6)
  4 scorpions
  9 killer bees
  4 wights (D:6)
  A howler monkey (D:7)
  2 bullfrog zombies
  5 crimson imps
  7 jellies
  10 orc wizards
  4 hounds
  Crazy Yiuf (D:6)
  7 orc priests
  3 bullfrog skeletons
  3 centaur skeletons
  2 iguanas
  9 worker ants
  A hound zombie (D:5)
  2 hound skeletons
  A howler monkey zombie (D:5)
  A worker ant zombie (D:10)
  5 gnolls
  15 adders
  3 shadow imps
  6 oozes
  An adder skeleton (D:4)
  3 worms
  3 dart slugs (D:1)
  3 leopard geckos
  37 orcs
  A ball python (D:3)
  6 bats
  3 giant cockroaches
  12 goblins
  9 hobgoblins
  6 jackals
  2 quokkas
  6 frilled lizards
  23 kobolds
  6 rats
286 creatures vanquished.

Vanquished Creatures (others)
  A shadow (D:11)
  2 slaves (D:8)
  A ball python (D:8)
4 creatures vanquished.

Grand Total: 290 creatures vanquished

Notes
Turn   | Place    | Note
-------+----------+-------------------------------------------
     0 | D:1      | Kejsarherre the Gargoyle Wanderer began the quest for the Orb.
     0 | D:1      | Kejsarherre set off with: a +2 spear, 2 scrolls of teleportation, a +0 robe, a ration
     0 | D:1      | Reached XP level 1. HP: 16/16 MP: 1/1
    69 | D:1      | Reached XP level 2. HP: 20/20 MP: 2/2
    84 | D:1      | Reached skill level 5 in Fighting
   221 | D:2      | Reached skill level 1 in Axes
   221 | D:2      | Reached XP level 3. HP: 9/26 MP: 3/3
   760 | D:3      | Reached skill level 2 in Axes
   959 | D:3      | Found a shattered altar of Ashenzari.
   968 | D:3      | Became a worshipper of Ashenzari the Shackled
  1213 | D:3      | Reached XP level 4. HP: 27/31 MP: 4/4
  1561 | D:4      | Reached skill level 3 in Axes
  1657 | D:4      | Reached XP level 5. HP: 23/35 MP: 5/5
  2338 | D:2      | Reached skill level 4 in Axes
  2410 | D:2      | Noticed Sigmund
  2689 | D:2      | Killed Sigmund
  2689 | D:2      | Reached skill level 5 in Axes
  2689 | D:2      | Reached XP level 6. HP: 17/40 MP: 6/6
  3381 | D:4      | Reached * piety under Ashenzari
  3413 | D:4      | Found a transporter.
  3474 | D:4      | Found a transporter.
  3497 | D:4      | Noticed Menkaure
  3507 | D:4      | HP: 2/40 [Menkaure (14)]
  3508 | D:4      | Killed Menkaure
  3508 | D:4      | Reached skill level 6 in Axes
  3508 | D:4      | Reached XP level 7. HP: 2/44 MP: 7/7
  3983 | D:4      | Found a hide-covered altar of Uskayaw.
  4253 | D:5      | Entered Level 5 of the Dungeon
  4302 | D:5      | Noticed Blork the orc
  4312 | D:5      | Killed Blork the orc
  4321 | D:5      | Reached skill level 7 in Axes
  4468 | D:5      | Found a shimmering altar of Xom.
  4587 | D:5      | Noticed Prince Ribbit
  4787 | D:5      | Found a sparkling altar of Nemelex Xobeh.
  5474 | D:6      | Noticed Kuruc's ghost (novice MiFi)
  5587 | D:6      | Killed Kuruc's ghost
  5587 | D:6      | Reached skill level 8 in Axes
  5587 | D:6      | Reached XP level 8. HP: 15/49 MP: 8/8
  5851 | D:6      | Reached skill level 9 in Axes
  6129 | D:6      | Noticed Duvessa
  6130 | D:6      | Noticed Dowan
  6149 | D:6      | Killed Dowan
  6160 | D:6      | Killed Duvessa
  6185 | D:6      | Found a runed door.
  6526 | D:6      | Reached XP level 9. HP: 53/54 MP: 9/9
  6555 | D:6      | Reached skill level 10 in Axes
  6765 | D:6      | Found a stormy altar of Qazlal.
  6805 | D:6      | Noticed Grinder
  6810 | D:6      | Paralysed by something for 5 turns
  6823 | D:6      | Paralysed by something for 3 turns
  6830 | D:6      | Paralysed by something for 6 turns
  6860 | D:6      | Killed Grinder
  7098 | D:6      | Noticed Crazy Yiuf
  7107 | D:6      | Killed Crazy Yiuf
  7597 | D:7      | Found a staircase to the Ecumenical Temple.
  7625 | D:7      | Reached skill level 11 in Axes
  8016 | D:7      | Killed Prince Ribbit
  8185 | D:8      | Noticed a two-headed ogre
  8197 | D:7      | Killed a two-headed ogre
  8197 | D:7      | Reached skill level 12 in Axes
  8197 | D:7      | Reached XP level 10. HP: 23/59 MP: 10/10
  8641 | D:8      | Noticed Pikel
  8661 | D:7      | Killed Pikel
  9491 | D:8      | Reached ** piety under Ashenzari
  9597 | D:8      | Reached skill level 5 in Armour
  9618 | D:8      | Noticed a two-headed ogre
 11127 | D:9      | Found a staircase to the Lair.
 11595 | D:9      | Reached XP level 11. HP: 40/67 MP: 11/11
 11598 | D:9      | Noticed Erica
 11638 | D:9      | Killed Erica
 12008 | D:9      | Noticed a two-headed ogre
 12022 | D:9      | Killed a two-headed ogre
 12116 | D:10     | Entered Level 10 of the Dungeon
 12410 | D:10     | Found a burning altar of Makhleb.
 12511 | D:10     | Found Mivaaz's Gadget Emporium.
 12664 | D:10     | Noticed a two-headed ogre
 12681 | D:10     | Killed a two-headed ogre
 12882 | D:11     | Found a flagged portal.
 12894 | Bailey   | Entered a bailey
 12914 | Bailey   | Noticed an orc knight
 12951 | Bailey   | Killed an orc knight
 12951 | Bailey   | Reached skill level 13 in Axes
 13207 | D:11     | Noticed a cyclops
 13507 | D:11     | Killed a cyclops
 13832 | D:11     | Noticed a two-headed ogre
 13837 | D:11     | Killed a two-headed ogre
 13869 | D:11     | Noticed a four-headed hydra
 13871 | D:11     | Killed a four-headed hydra
 13926 | D:11     | Noticed a white ugly thing
 13947 | D:11     | Mangled by a white ugly thing

Skill      XL: |  1  2  3  4  5  6  7  8  9 10 11 |
---------------+----------------------------------+-----
Fighting       | 5 7 9 |  9.8
Axes           | 1 2 3 5 6 8 9 12 13 | 13.0
Armour         | 6 9 |  9.0
Dodging        | 2 |  2.9
Polearms       | |  1.0
Crossbows      | |  1.0
Throwing       | |  1.0
Shields        | |  1.1

Action                   |  1- 3 |  4- 6 |  7- 9 | 10-12 || total
-------------------------+-------+-------+-------+-------++-------
Melee: Spear             |    27 |       |       |       ||    27
       Hand axe          |    74 |   226 |   500 |       ||   800
       War axe           |       |       |   108 |   192 ||   300
       Battleaxe         |       |       |       |   485 ||   485
 Fire: Hunting sling     |     5 |       |       |       ||     5
Throw: Tomahawk          |       |       |       |    40 ||    40
Invok: Curse Item        |       |     2 |     1 |     1 ||     4
Evoke: Wand              |       |       |    15 |    10 ||    25
  Use: Potion            |       |     7 |     3 |     2 ||    12
       Scroll            |       |     3 |     2 |     5 ||    10
  Eat: Ration            |       |     2 |     3 |     2 ||     7
       Chunk             |       |     1 |     6 |    31 ||    38
Armor: Robe              |    32 |       |       |       ||    32
       Ring mail         |    19 |       |       |       ||    19
       Chain mail        |       |   177 |   336 |    72 ||   585
       Plate armour      |       |       |       |   651 ||   651
Dodge: Dodged            |    53 |   120 |   168 |   325 ||   666
